 Dungeon Crawl Stone Soup version 0.29.1-13-g9f3cf754e1 (webtiles) character file.

Game seed: 15950981849939145190

2536 croobank the Fighter (level 9, -1/67 (74) HPs)
             Began as a Gnoll Abyssal Knight on Jan 27, 2023.
             Was a High Priest of Lugonu.
             Succumbed to a kobold brigand's curare-tipped dart
             ... on level 8 of the Dungeon.
             The game lasted 00:19:00 (7749 turns).

croobank the Fighter (Gnoll Abyssal Knight)         Turns: 7749, Time: 00:19:01

HP:   -1/67 (74)    AC: 13    Str: 12    XL:     9   Next: 55%
MP:   15/15         EV: 13    Int: 14    God:    Lugonu [*****.]
Gold: 545           SH:  0    Dex: 16    Spells: 17/17 levels left

rFire   . . .      SeeInvis .   a - +2 short sword (spect)
rCold   + . .      Faith    .   (no shield)
rNeg    + . .      Spirit   .   o - +2 ring mail
rPois   .          Reflect  .   j - +2 hat
rElec   +          Harm     .   (no cloak)
rCorr   .          Rampage  .   J - +0 pair of gloves
Will    .....                   (no boots)
Stlth   ++........              r - amulet "Xumyreir" {RegenMP rElec rN+ Dex+3}
HPRegen 0.21/turn               l - ring of protection from cold
MPRegen 0.54/turn               (no ring)

@: lethally poisoned (-1 -> -26), about to teleport, slowed, drained, very slow
A: fangs 1, strong nose, distributed training, iridescent scales 1, sense
surroundings 1
a: Renounce Religion, Depart the Abyss, Bend Space, Banish, Corrupt, Enter the
Abyss


You were on level 8 of the Dungeon.
You worshipped Lugonu.
Lugonu was extremely pleased with you.
You visited 1 branch of the dungeon, and saw 8 of its levels.
You visited the Abyss 1 time.
You also visited: Ossuary.

You collected 545 gold pieces.

Inventory:

Hand Weapons
 a - a +2 spectral short sword (weapon)
 e - a +2 whip of freezing
 f - a +1 dagger of draining
 n - a +2 dagger of protection
Missiles
 C - 6 atropa-tipped darts
Armour
 b - a +0 leather armour
 j - a +2 hat (worn)
 o - a +2 ring mail (worn)
 E - a +0 kite shield
 J - a +0 pair of gloves (worn)
Magical Staves
 D - a staff of air
Jewellery
 l - a ring of protection from cold (left hand)
 m - a ring of ice
 r - the amulet "Xumyreir" (around neck) {RegenMP rElec rN+ Dex+3}
   (You acquired it on level 5 of the Dungeon)

   [amulet of magic regeneration]

   It increases your rate of magic regeneration.
   Dex:       It affects your dexterity (+3).
   rElec:     It insulates you from electricity.
   rN:        It protects you from negative energy.
 I - a ring of willpower
Wands
 s - a wand of flame (17)
 M - a wand of mindburst (14)
Scrolls
 d - a scroll of enchant weapon
 h - a scroll of immolation
 i - 2 scrolls of teleportation
 k - 3 scrolls of brand weapon
 v - 2 scrolls of magic mapping {unknown}
 x - a scroll of fear {unknown}
 y - a scroll of silence {unknown}
 H - a scroll of identify
 K - a scroll of enchant armour
 L - a scroll of vulnerability
Potions
 c - a potion of flight
 g - 5 potions of curing
 p - 2 potions of invisibility
 q - 3 potions of heal wounds
 t - a potion of ambrosia {unknown}
 u - 2 potions of brilliance {unknown}
 w - a potion of mutation
 z - a potion of resistance {unknown}
 A - 2 potions of magic {unknown}
 B - 2 potions of lignification {unknown}
 F - a potion of berserk rage {unknown}
 G - a potion of attraction {unknown}


   Skills:
 + Level 8.0 Fighting
 + Level 6.5 Short Blades
 + Level 4.5 Long Blades
 + Level 4.5 Axes
 + Level 4.5 Maces & Flails
 + Level 4.5 Polearms
 + Level 4.5 Staves
 + Level 4.5 Ranged Weapons
 + Level 4.5 Throwing
 + Level 6.5 Armour
 + Level 5.3 Dodging
 + Level 4.5 Stealth
 + Level 4.5 Shields
 + Level 4.5 Unarmed Combat
 + Level 4.5 Spellcasting
 + Level 3.7 Conjurations
 + Level 3.7 Hexes
 + Level 3.7 Summonings
 + Level 3.7 Necromancy
 + Level 3.7 Translocations
 + Level 3.7 Transmutations
 + Level 3.7 Fire Magic
 + Level 3.7 Ice Magic
 + Level 3.7 Air Magic
 + Level 3.7 Earth Magic
 + Level 3.7 Poison Magic
 + Level 6.8 Invocations
 + Level 4.5 Evocations


You had 17 spell levels left.
You didn't know any spells.
Your spell library contained the following spells:

 Spells                   Type           Power      Damage    Failure   Level
 Apportation              Tloc           26%        N/A       9%          1
 Magic Dart               Conj           52%        1d5       9%          1
 Necrotise                Necr           52%        1d6       9%          1
 Summon Small Mammal      Summ           52%        N/A       9%          1
 Searing Ray              Conj           26%        2d5       12%         2
 Inner Flame              Hex/Fire       13%        N/A       24%         3
 Ozocubu's Armour         Ice            13%        N/A       24%         3
 Cause Fear               Hex            6%         N/A       63%         4
 Fulminant Prism          Conj/Hex       6%         3d7       63%         4
 Metabolic Englaciation   Hex/Ice        6%         N/A       92%         5
 Simulacrum               Ice/Necr       6%         N/A       100%        6
 Discord                  Hex            6%         N/A       100%        8


Dungeon Overview and Level Annotations

Branches:
Dungeon (8/15)             Temple (0/1) D:7         Ossuary (visited)
   Lair: D:8-11

Altars:
Wu Jian
Zin

Shops:
D:1 !

Annotations:
D:7 corrupted


Innate Abilities, Weirdness & Mutations

You have very sharp teeth.
Your uncanny sense of smell can sniff out nearby items.
Your experience applies equally to all skills.
You are partially covered in iridescent scales. (AC +2)
You passively map a small area around you.


Message History

A kobold comes into view.
It is wielding a +0 whip and quivering poisoned darts.
The kobold moves out of view.
The bullfrog misses you.
The kobold throws a poisoned dart.
The poisoned dart hits you!
You are poisoned.
You see here a +1 hand axe of freezing.
You hit the bullfrog. Your punch misses the bullfrog.
The bullfrog is lightly wounded.
Your +2 spectral short sword barely misses the bullfrog.
You feel sick. The bullfrog hits you. The bullfrog barely misses you.
A wyvern comes into view.
You feel sick.
The kobold shouts!
You hear a shout!
A kobold brigand comes into view.
It is wielding a +0 dagger and quivering curare-tipped darts.
The bullfrog attacks as you move away! The bullfrog closely misses you.
You feel sick.
The kobold throws a poisoned dart.
The poisoned dart hits you.
You are more poisoned.
The bullfrog hits you.
* * * LOW HITPOINT WARNING * * *
You feel better. The bullfrog barely misses you.
As you read the scroll of teleportation, it crumbles to dust.
You feel strangely unstable.
The bullfrog hits you but does no damage.
The kobold throws a poisoned dart.
The poisoned dart hits you.
You are poisoned.
The kobold throws a poisoned dart.
The poisoned dart hits you!
You are more poisoned.
The kobold brigand throws a curare-tipped dart.
The curare-tipped dart hits you.
You are lethally poisoned!
You have difficulty breathing.
* * * LOW HITPOINT WARNING * * *
You feel yourself slow down. The wight hits you with a +4 battleaxe!
* * * LOW HITPOINT WARNING * * *
You partially resist.
You feel drained.
* * * LOW HITPOINT WARNING * * *
The bullfrog hits you.
* * * LOW HITPOINT WARNING * * *
The bullfrog attacks as you move away! The bullfrog closely misses you.
You die...

###.### #....... #...#
##....>.. ######..####
#........ #......z...#
#........ #..........#
#........ #...).z....#
##.#.####. , #....zF....#
#....#.(.. *
###..#..######......### *
#....@..........####
*#.K.......##...##
............##.#.# ,
...KK............#######
.......#...........#....#
........................#
,
...l..#........#.##....#
...##.#.................
* , ...###...#.....


You could see a wyvern (wandering), a kobold brigand, a bullfrog, 3 wights and 2
kobolds.

Vanquished Creatures
  Sigmund (D:2)
  A wraith (D:7)
  A wyvern (D:7)
  A vampire mosquito (D:7)
  Menkaure (D:5)
  A sky beast (D:7)
  An ice beast (D:5)
  2 kobold brigands
  3 bullfrogs
  A gnoll sergeant (D:5)
  2 scorpions (D:5)
  6 wights
  4 orc priests
  2 hounds (D:4)
  2 jellies
  Jessica (D:2)
  Terence (D:2)
  2 iguanas (D:4)
  2 orc wizards
  8 mummies (Ossuary)
  Robin (D:2)
  8 gnolls
  8 adders
  2 white imps
  2 ufetubi (D:5)
  A worm (D:4)
  2 dart slugs (D:2)
  17 orcs
  7 ball pythons
  4 endoplasms
  5 giant cockroaches
  9 hobgoblins
  3 quokkas
  4 bats
  5 frilled lizards
  19 goblins
  2 hobgoblin zombies (Ossuary)
  22 kobolds
  3 kobold zombies (Ossuary)
  3 orc zombies (Ossuary)
  5 rats
175 creatures vanquished.

Vanquished Creatures (others)
  A two-headed ogre (D:7)
  A cyclops (D:7)
  A withered plant (D:1)
3 creatures vanquished.

Grand Total: 178 creatures vanquished

Notes
Turn   | Place    | Note
-------+----------+-------------------------------------------
     0 | Abyss:1  | croobank the Gnoll Abyssal Knight began the quest for the
                  | Orb.
     0 | Abyss:1  | Reached XP level 1. HP: 23/23 MP: 3/3
    20 | Abyss:1  | Found a corrupted altar of Lugonu.
    51 | D:1      | Escaped the Abyss
   199 | D:1      | Reached XP level 2. HP: 26/28 MP: 5/5
   450 | D:1      | Found a faded altar of an unknown god.
   659 | D:1      | Reached XP level 3. HP: 22/35 MP: 6/6
   663 | D:1      | Reached *** piety under Lugonu
   968 | D:1      | Found Raciz's Distillery.
  1228 | D:2      | Noticed Jessica
  1256 | D:2      | Killed Jessica
  1257 | D:2      | Reached skill level 1 in Long Blades
  1257 | D:2      | Reached skill level 1 in Axes
  1257 | D:2      | Reached skill level 1 in Maces & Flails
  1257 | D:2      | Reached skill level 1 in Polearms
  1257 | D:2      | Reached skill level 1 in Staves
  1257 | D:2      | Reached skill level 1 in Ranged Weapons
  1257 | D:2      | Reached skill level 1 in Throwing
  1257 | D:2      | Reached skill level 1 in Stealth
  1257 | D:2      | Reached skill level 1 in Shields
  1257 | D:2      | Reached skill level 1 in Unarmed Combat
  1257 | D:2      | Reached skill level 1 in Spellcasting
  1257 | D:2      | Reached skill level 1 in Evocations
  1257 | D:2      | Reached XP level 4. HP: 37/41 MP: 7/7
  1345 | D:2      | Noticed Sigmund
  1345 | D:2      | Noticed Terence
  1530 | D:3      | Gained mutation: You are partially covered in iridescent
                  | scales. (AC +2) [potion of mutation]
  1530 | D:3      | Gained mutation: You passively map a small area around you.
                  | [potion of mutation]
  1553 | D:3      | Reached skill level 1 in Conjurations
  1553 | D:3      | Reached skill level 1 in Hexes
  1553 | D:3      | Reached skill level 1 in Summonings
  1553 | D:3      | Reached skill level 1 in Necromancy
  1553 | D:3      | Reached skill level 1 in Translocations
  1553 | D:3      | Reached skill level 1 in Transmutations
  1553 | D:3      | Reached skill level 1 in Fire Magic
  1553 | D:3      | Reached skill level 1 in Ice Magic
  1553 | D:3      | Reached skill level 1 in Air Magic
  1553 | D:3      | Reached skill level 1 in Earth Magic
  1553 | D:3      | Reached skill level 1 in Poison Magic
  2569 | D:4      | Reached XP level 5. HP: 38/47 MP: 8/8
  2710 | D:4      | Reached skill level 5 in Invocations
  2726 | D:4      | Reached **** piety under Lugonu
  2753 | D:4      | Reached XP level 6. HP: 49/53 MP: 9/9
  2797 | D:4      | Reached skill level 5 in Short Blades
  2797 | D:4      | Reached skill level 5 in Armour
  3260 | D:5      | Entered Level 5 of the Dungeon
  3262 | D:5      | Identified a scroll of acquirement
  3262 | D:5      | Acquired the amulet "Xumyreir" {RegenMP rElec rN+ Dex+3}
  3278 | D:5      | Noticed an ice beast
  3287 | D:5      | Killed an ice beast
  3319 | D:5      | Noticed Menkaure
  3327 | D:5      | Killed Menkaure
  3328 | D:5      | Reached skill level 7 in Fighting
  3328 | D:5      | Reached XP level 7. HP: 15/60 MP: 9/11
  3542 | D:5      | Found a sand-covered staircase.
  3546 | Ossuary  | Entered an ossuary
  3991 | D:5      | Reached ***** piety under Lugonu
  3992 | D:5      | Reached XP level 8. HP: 46/67 MP: 12/12
  4443 | D:5      | Found a glowing silver altar of Zin.
  5861 | D:7      | Reached XP level 9. HP: 72/73 MP: 14/14
  6001 | D:7      | Reached skill level 5 in Dodging
  6004 | D:7      | Noticed a cyclops
  6004 | D:7      | Noticed a two-headed ogre
  6187 | D:2      | Noticed Robin
  6212 | D:2      | Killed Robin
  6340 | D:2      | Killed Terence
  6454 | D:2      | Killed Sigmund
  6724 | D:7      | Found an ornate altar of the Wu Jian Council.
  6822 | D:7      | Reached skill level 8 in Fighting
  7102 | D:7      | Corrupted D:7
  7102 | D:7      | Noticed a rust devil
  7102 | D:7      | Noticed an efreet
  7102 | D:7      | Noticed a rakshasa
  7103 | D:7      | Noticed a worldbinder
  7103 | D:7      | Noticed a flayed ghost
  7103 | D:7      | Killed a cyclops
  7105 | D:7      | Noticed a sixfirhy
  7127 | D:7      | Noticed a starcursed mass
  7131 | D:7      | Noticed a necromancer
  7132 | D:7      | Noticed an orange demon
  7135 | D:7      | Killed a two-headed ogre
  7145 | D:7      | Noticed a red draconian
  7169 | D:7      | Noticed a profane servitor
  7412 | D:7      | Found a staircase to the Ecumenical Temple.
  7749 | D:8      | Succumbed to a kobold brigand's curare-tipped dart

Illustrated notes

Levels and vault maps discovered:
D:1:      beargit_arrival_diablo_church, layout_rooms, serial_shops, shop,
          ebering_ecumenical_altar_petrified
D:2:      layout_loops_cross, uniq_sigmund, uniq_jessica, uniq_terence,
          uniq_robin
D:3:      layout_rooms
D:4:      layout_rooms, dreamdust_princess_corridor
D:5:      layout_basic, mainiacjoe_overflow_tiny_flanked, enter_ossuary_5,
          st_stairs_4, uniq_menkaure
D:6:      layout_rooms
D:7:      layout_loops_corners, nicolae_wu_jian_wuxing_cycle,
          minmay_temple_entry_antechambers, kb_rosetta
D:8:      layout_rooms, mainiacjoe_overflow_large_starburst, lair_entry_dummy,
          serial_shops, nicolae_shop_overgrown_old_shop, eino_jars

Skill      XL: |  1  2  3  4  5  6  7  8  9 |
---------------+----------------------------+-----
Long Blades    | 1 2 3 4 |  4.5
Axes           | 1 2 3 4 |  4.5
Maces & Flails | 1 2 3 4 |  4.5
Polearms       | 1 2 3 4 |  4.5
Staves         | 1 2 3 4 |  4.5
Ranged Weapons | 1 2 3 4 |  4.5
Throwing       | 1 2 3 4 |  4.5
Stealth        | 1 2 3 4 |  4.5
Shields        | 1 2 3 4 |  4.5
Unarmed Combat | 1 2 3 4 |  4.5
Spellcasting   | 1 2 3 4 |  4.5
Evocations     | 1 2 3 4 |  4.5
Conjurations   | 1 2 3 |  3.7
Hexes          | 1 2 3 |  3.7
Summonings     | 1 2 3 |  3.7
Necromancy     | 1 2 3 |  3.7
Translocations | 1 2 3 |  3.7
Transmutations | 1 2 3 |  3.7
Fire Magic     | 1 2 3 |  3.7
Ice Magic      | 1 2 3 |  3.7
Air Magic      | 1 2 3 |  3.7
Earth Magic    | 1 2 3 |  3.7
Poison Magic   | 1 2 3 |  3.7
Dodging        | 3 4 5 |  5.3
Invocations    | 5 6 |  6.8
Short Blades   | 5 6 |  6.5
Armour         | 5 6 |  6.5
Fighting       | 7 8 |  8.0

Action                   |  1- 3 |  4- 6 |  7- 9 || total
-------------------------+-------+-------+-------++-------
Melee: Short sword       |   116 |   174 |   283 ||   573
       Bite              |     8 |    24 |    45 ||    77
       Punch             |     1 |     3 |    13 ||    17
Invok: Bend Space        |       |     1 |     1 ||     2
       Corrupt           |       |       |     1 ||     1
Evoke: Wand              |       |       |     1 ||     1
  Use: Potion            |     1 |     3 |     1 ||     5
       Scroll            |       |     9 |     4 ||    13
 Stab: Sleeping          |     1 |       |     2 ||     3
       Distracted        |       |     1 |     6 ||     7
Armor: Leather armour    |    39 |    32 |       ||    71
       Ring mail         |       |    30 |   101 ||   131
Dodge: Dodged            |    74 |   105 |   173 ||   352
